 Dungeon Crawl Stone Soup version 0.26.0-10-g1f06aea511 (webtiles) character file.

Game seed: 16803721213017334081

174 Borgoz the Ducker (level 5, -2/45 HPs)
             Began as a Ghoul Gladiator on Jan 18, 2021.
             Slain by an orc
             ... wielding a +0 trident
              (3 damage)
             ... on level 4 of the Dungeon.
             The game lasted 00:03:06 (3010 turns).

Borgoz the Ducker (Ghoul Gladiator)                 Turns: 3010, Time: 00:03:07

Health: -2/45      AC:  7    Str: 17 (18) XL:     5   Next: 54%
Magic:  4/4        EV: 10    Int:  2 (3)  God:
Gold:   60         SH:  0    Dex: 10 (11) Spells: 4/4 levels left

rFire    + . .     SeeInvis .   a - +1 long sword
rCold    + + .     Faith    .   (no shield)
rNeg     + + +     Spirit   .   j - +0 scale mail
rPois    ∞         Reflect  .   c - +0 helmet
rElec    +         Harm     .   (no cloak)
rCorr    +         Rampage  .   (no gloves)
Will     .....                  (no boots)
Stlth    ..........             (no amulet)
HPRegen  0.00/turn              (no ring)
MPRegen  0.09/turn              (no ring)

@: brilliant, resistant, attractive, flying
A: claws 1, cold resistance 1, negative energy resistance 3, inhibited
regeneration, torment resistance, unbreathing
a: no special abilities


You were on level 4 of the Dungeon.
You visited 1 branch of the dungeon, and saw 4 of its levels.

You collected 60 gold pieces.

Inventory:

Hand Weapons
 a - a +1 long sword (weapon)
Missiles
 d - 2 throwing nets (quivered)
Armour
 c - a +0 helmet (worn)
 j - a +0 scale mail (worn)
Wands
 f - a wand of digging (6)
Potions
 g - a potion of mutation


   Skills:
 + Level 3.5 Fighting
 + Level 3.5 Long Blades
 - Level 1.7 Throwing
 + Level 2.1 Armour
 + Level 3.5 Dodging


You had 4 spell levels left.
You didn't know any spells.
Your spell library was empty.

Dungeon Overview and Level Annotations

Branches:
Dungeon (3/15)

Altars:

Annotations:
D:2 Sigmund


Innate Abilities, Weirdness & Mutations

You thrive by killing the living.
You are immune to poison.
You have sharp fingernails.
Your flesh is cold resistant. (rC+)
You are immune to negative energy. (rN+++)
You do not regenerate when monsters are visible.
You are immune to unholy pain and torment.
You can survive without breathing.


Message History

* * * LOW HITPOINT WARNING * * *
The orc wizard barely misses you.
You riposte.
You hit the orc wizard.
The orc wizard is lightly wounded.
The worm bites you.
* * * LOW HITPOINT WARNING * * *
The orc wizard mumbles some strange words.
The orc wizard blinks!
The orc barely misses you. The orc wizard is pulled toward you!
You barely miss the orc.
The orc is moderately wounded.
The orc wizard hits you but does no damage.
The orc hits you from afar with a +0 trident!
* * * LOW HITPOINT WARNING * * *
The orc wizard barely misses you. The orc barely misses you.
The worm bites you but does no damage.
You closely miss the orc.
The orc is moderately wounded.
The orc wizard barely misses you.
The orc hits you from afar with a +0 trident.
You die...

# #
##.....
#......
#......
#......
.......##
#.....oo#
#.....§w#
#.....o@#
##....o##
##...#
####


You could see a worm, 2 orc wizards and 2 orcs.

Vanquished Creatures
  A gnoll shaman (D:1)
  4 gnolls
  4 adders
  An ooze (D:1)
  2 dart slugs
  3 leopard geckos (D:1)
  An orc (D:4)
  3 bats
  A giant cockroach (D:2)
  8 goblins
  5 hobgoblins
  8 jackals (D:1)
  7 kobolds
  A quokka (D:2)
  2 frilled lizards
  5 rats
56 creatures vanquished.

Notes
Turn   | Place    | Note
-------+----------+-------------------------------------------
     0 | D:1      | Borgoz the Ghoul Gladiator began the quest for the Orb.
     0 | D:1      | Reached XP level 1. HP: 17/17 MP: 0/0
   391 | D:1      | Reached XP level 2. HP: 19/25 MP: 1/1
   876 | D:1      | Reached skill level 1 in Armour
  1091 | D:1      | Reached XP level 3. HP: 29/30 MP: 2/2
  1792 | D:2      | Reached XP level 4. HP: 25/38 MP: 3/3
  2480 | D:1      | Reached XP level 5. HP: 20/45 MP: 4/4
  2689 | D:2      | Noticed Sigmund
  2985 | D:3      | You fall into a shaft and drop 1 floor!
  3009 | D:4      | HP: 1/45 [orc/+0 trident (7)]
  3010 | D:4      | Slain by an orc

Illustrated notes

Levels and vault maps discovered:
D:1:      dpeg_arrival_morbid_curiosity, layout_loops_corners
D:2:      layout_loops_ring, uniq_sigmund
D:3:      layout_basic, uniq_natasha
D:4:      layout_rooms, minmay_temple_entry_butterflies, uniq_crazy_yiuf_cottage

Skill      XL: |  1  2  3  4  5 |
---------------+----------------+-----
Armour         | 1 2 |  2.1
Long Blades    | 3 |  3.5
Dodging        | 3 |  3.5
Fighting       | 3 |  3.5
Throwing       | |  1.7

Action                   |  1- 3 |  4- 6 || total
-------------------------+-------+-------++-------
Melee: Long sword        |   102 |    94 ||   196
Throw: Throwing net      |       |     5 ||     5
  Use: Scroll            |     4 |     1 ||     5
       Potion            |       |     8 ||     8
Armor: Leather armour    |    47 |     2 ||    49
       Scale mail        |       |    49 ||    49
Dodge: Dodged            |   108 |    67 ||   175
       Rpst.: Long sword |    30 |    18 ||    48
